AoeStats
← and0608

Four Lakes

508912792Analyzed
1v1 RM · 8d ago on Sep 24, 2026· 27m 1s· 2 players
Game mode
Random Map
Map size
Tiny (2 player)
Population
200
Speed
Normal
Resources
Standard
Victory
Conquest
Starting age
Dark Age
Ending age
Imperial Age
RankedLock teamsTeams togetherTeam positionsShared explorationLock speedFull tech treeHidden civsTurbo modeCheats
Victory
Defeat
🇨🇭 Bulgarians · Switzerland
889
+15
🇺🇸 Varangians · United States
858
-15
and0608
9:04 Loom
13:03 Feudal Age
13:37 Double-Bit Axe
13:42 Fishing Lines
16:01 Arson
16:32 Forging
16:22 Scale Mail Armor
22:38 Castle Age
22:07 Padded Archer Armor
21:58 Fletching
22:45 Gold Mining
22:45 Elite Skirmisher
23:45 Leather Archer Armor
23:26 Bodkin Arrow
23:37 Squires
22:58 Pikeman
23:31 Gambesons
26:29 Gillnets
tandrew65
8:59 Loom
11:09 Feudal Age
11:43 Horse Collar
11:55 Double-Bit Axe
12:31 Fishing Lines
12:19 Man-at-Arms
12:45 Arson
20:09 Castle Age
22:24 Gillnets
22:57 Fletching
23:08 Padded Archer Armor
25:31 Scale Mail Armor
25:42 Forging
25:17 Long Swordsman
25:43 Gambesons
25:58 Squires
26:34 Squires
26:32 Gambesons
26:21 Long Swordsman
27:06 Gold Mining
Connection lost

Rejoining the realm…

Still unreachable

The connection could not be restored.

Session expired

The server has moved on; the page needs a fresh start.